Map: Ruins of Seras

Players

Sacrilege - Winner!

  • Race: Zerg Zerg
  • League: Master

Seryph

  • Race: Terran Terran
  • League: Master

VOD

Have the link to the VOD?

Description

Time

  • Played on: Feb. 17, 2016, 10:58 p.m.
  • Length: 10:04
Show
View Real Time Build Order
Export as new Build Order

Sacrilege Zerg - Winner!

Build Orders: Hatch First, Muta Ling Bane 

Get SALT Encoding   

  12  0:01  Drone  
  13  0:13  Overlord  
  13  0:18  Drone  
  14  0:31  Drone x2  
  14  0:34  Drone  
  17  0:54  Hatchery  
  17  0:57  Drone  
  17  1:00  Drone  
  17  1:02  Extractor  
  17  1:10  Drone  
  18  1:20  Spawning Pool  
  17  1:27  Drone  
  18  1:35  Drone  
  19  1:49  Overlord  
  19  2:06  Queen  
  19  2:07  Metabolic Boost, Queen  
  23  2:11  Zergling x2  
  23  2:12  Zergling x2  
  23  2:14  Drone  
  26  2:16  Drone  
  26  2:19  Drone  
  28  2:25  Drone  
  29  2:30  Drone  
  29  2:33  Drone  
  31  2:40  Drone  
  32  2:47  Queen  
  34  2:57  Drone  
  35  2:59  Hatchery  
  35  3:05  Drone x2  
  36  3:10  Overlord  
  36  3:12  Extractor  
  35  3:22  Drone  
  35  3:23  Overlord  
  36  3:35  Drone  
  36  3:36  Drone x5  
  36  3:40  Drone, Baneling Nest  
  42  3:43  Drone  
  43  3:58  Lair  
  43  3:59  Drone x2  
  43  4:00  Drone x5  
  50  4:09  Overlord  
  50  4:13  Drone  
  51  4:17  Evolution Chamber x2  
  51  4:19  Drone x2  
  51  4:25  Zergling x2  
  50  4:35  Zergling x16  
  58  4:40  Extractor  
  58  4:43  Extractor  
  56  4:46  Zerg Melee Weapons Level 1, Zerg Ground Armor Level 1  
  56  4:57  Drone  
  56  5:09  Drone  
  56  5:10  Drone x8  
  62  5:22  Spore Crawler  
  62  5:26  Overseer  
  57  5:31  Drone, Spire  
  57  5:35  Drone x5  
  55  5:36  Drone x3  
  55  5:38  Queen  
  59  5:47  Spore Crawler  
  58  5:52  Drone  
  58  5:53  Drone x6  
  58  5:54  Queen  
  58  5:56  Spore Crawler  
  62  5:59  Drone x2  
  63  6:10  Drone x3  
  66  6:12  Overlord  
  66  6:15  Centrifical Hooks  
  66  6:30  Overlord  
  66  6:31  Extractor x2  
  64  6:38  Hatchery  
  63  6:47  Mutalisk x6  
  62  6:50  Zergling x8  
  77  7:01  Drone  
  77  7:02  Drone x4  
  82  7:10  Overlord  
  81  7:21  Overlord  
  80  7:25  Drone  
  80  7:26  Overlord x2  
  81  7:34  Mutalisk  
  81  7:35  Mutalisk x3  
  89  7:37  Overlord  
  89  7:38  Overlord  
  89  7:39  Baneling x6  
  89  7:40  Baneling  
  89  7:45  Drone x3  
  89  7:46  Drone x4  
  89  7:50  Zergling x2  
  97  7:52  Zergling x2  
  97  7:57  Mutalisk x2  
  102  7:59  Zergling x6  
  105  8:07  Mutalisk x2  
  105  8:08  Zergling x2  
  105  8:09  Zergling x12  
  116  8:13  Baneling x4  
  116  8:15  Zergling x2  
  116  8:16  Zergling x2  
  118  8:25  Mutalisk  
  108  8:41  Mutalisk x3  
  108  8:43  Mutalisk  
  115  8:50  Mutalisk  
  115  8:53  Drone x2  
  119  8:58  Zergling x14  
  119  8:59  Zergling x14  
  133  9:07  Baneling x11  
  133  9:08  Hatchery, Baneling  
  132  9:14  Zergling x8  
  132  9:15  Overlord  
  136  9:23  Overlord x3  
  136  9:34  Zergling x4  
Show
View Real Time Build Order
Export as new Build Order

Seryph Terran 

Build Orders: Reaper Expand, Hellion Banshee 

Get SALT Encoding   

  12  0:01  SCV  
  13  0:13  SCV  
  14  0:20  Supply Depot  
  14  0:25  SCV  
  15  0:41  SCV  
  16  0:45  Barracks, Refinery  
  16  0:53  SCV  
  17  1:06  SCV  
  18  1:19  SCV  
  19  1:32  Reaper, Orbital Command  
  20  1:46  Command Center  
  20  1:54  Supply Depot  
  20  1:58  SCV  
  21  2:04  Marine  
  22  2:10  SCV  
  23  2:16  Factory  
  23  2:22  SCV  
  24  2:25  Barracks Reactor  
  24  2:34  SCV  
  25  2:46  SCV, Refinery  
  26  2:58  SCV  
  26  3:01  Orbital Command  
  27  3:09  Starport  
  27  3:10  Hellion x2  
  27  3:12  SCV  
  31  3:14  Barracks Tech Lab  
  31  3:24  SCV  
  32  3:29  SCV  
  32  3:31  Supply Depot  
  33  3:35  Hellion x2  
  37  3:45  SCV  
  38  3:50  SCV  
  38  3:53  Cloaking Field  
  38  3:54  Banshee  
  42  3:57  SCV  
  42  3:59  Barracks Tech Lab  
  42  4:02  SCV  
  44  4:05  Hellion  
  44  4:08  Hellion  
  48  4:12  SCV  
  48  4:14  SCV  
  50  4:17  Supply Depot  
  50  4:24  SCV  
  50  4:26  SCV  
  51  4:36  SCV  
  51  4:37  Marine  
  51  4:38  SCV, Banshee, Marine  
  58  4:47  Command Center  
  58  4:48  SCV  
  58  4:51  SCV  
  56  5:01  SCV  
  56  5:03  SCV, Marine x2, Siege Tank  
  56  5:05  Bunker  
  61  5:13  SCV  
  60  5:22  Marine x2  
  55  5:34  Barracks x3, SCV  
  54  5:37  Barracks  
  54  5:40  SCV  
  54  5:42  Siege Tank  
  57  5:43  Marine x2  
  57  5:46  SCV  
  60  5:52  SCV  
  61  5:58  Starport Reactor  
  61  6:01  Marine x2, Orbital Command  
  61  6:03  SCV  
  64  6:04  SCV  
  65  6:14  Supply Depot  
  65  6:15  SCV, Supply Depot  
  65  6:16  SCV, Bunker  
  67  6:27  SCV  
  67  6:31  Barracks Reactor  
  68  6:34  SCV  
  68  6:35  SCV, Engineering Bay  
  68  6:36  Barracks Reactor, Engineering Bay  
  68  6:37  Refinery, Barracks Reactor  
  68  6:38  Refinery  
  68  6:39  Marine x2  
  73  6:40  SCV  
  73  6:44  Marine  
  73  6:46  Combat Shields  
  74  6:48  SCV  
  74  6:49  SCV, Factory Reactor  
  74  6:52  SCV  
  74  6:54  Marine  
  77  6:56  Marine  
  77  6:57  Marine  
  80  7:01  Medivac x2, Marine  
  80  7:06  Stimpack  
  85  7:12  Marine  
  85  7:14  Missile Turret, Marine x2  
  88  7:16  Terran Infantry Weapons Level 1  
  88  7:19  Terran Infantry Armor Level 1, Marine  
  89  7:25  Missile Turret  
  89  7:26  Missile Turret  
  89  7:27  Marine  
  89  7:29  Marine  
  90  7:32  Marine x2  
  93  7:39  Marine x2  
  93  7:43  Orbital Command  
  92  7:46  Marine  
  93  7:51  Supply Depot x2  
  93  7:52  Supply Depot, Armory  
  93  7:55  Supply Depot  
  93  7:58  Widow Mine x2  
  97  8:06  Marine  
  97  8:08  Marine x2  
  100  8:14  Marine  
  100  8:15  Marine x4  
  105  8:25  Medivac x2  
  105  8:26  Marine  
  106  8:41  Marine x7  
  88  8:44  Marine  
  88  8:48  SCV  
  83  8:51  Widow Mine x2  
  83  8:55  SCV, Medivac x2  
  90  8:58  Marine  
  90  8:59  Marine x3  
  96  9:04  Marine  
  97  9:11  Marine  
  97  9:15  SCV x2  
  97  9:16  SCV, Bunker  
  99  9:18  Supply Depot  
  99  9:19  Marine  
  99  9:20  Marine x5  
  99  9:22  Marine  
  106  9:25  Medivac x2  
  106  9:27  SCV x2  
  106  9:29  Marine  
  113  9:37  Marine x4  
  113  9:38  Marine x2  
  119  9:41  Factory Reactor  
  119  9:43  Marine  
Tags
 
Add a new tag
Caveats
  • Supply blocks, unpowered buildings, or Contaminate may cause inaccurate times.
  • Supply counts are checked every 10 seconds.